 Dungeon Crawl Stone Soup version 0.24.0-13-gcf9b319 (webtiles) character file.

Game seed: 16158164999168485511, levelgen mode: deterministic

17325 Fang the Fighter (level 12, -2/80 HPs)
             Began as a Gargoyle Berserker on Nov 19, 2019.
             Was a High Priest of Trog.
             Slain by a spriggan rider
             ... wielding a +0 spear
              (9 damage)
             ... on level 1 of the Lair of Beasts.
             The game lasted 00:16:22 (9521 turns).

Fang the Fighter (Gargoyle Berserker)               Turns: 9521, Time: 00:16:23

Health: -2/80      AC: 36    Str: 27    XL:     12   Next: 46%
Magic:  12/12      EV: 15    Int: 13    God:    Trog [*****.]
Gold:   473        SH:  0    Dex:  9    Spells: 11/11 levels left

rFire    . . .     SeeInvis .   a - +0 war axe
rCold    + . .     Gourm    +   (no shield)
rNeg     + . .     Faith    .   b - +5 plate armour of Qubaot {rC+}
rPois    ∞         Spirit   .   i - +2 hat
rElec    +         Reflect  .   x - +4 cloak of the Harvest {Str+2}
rCorr    .         Harm     .   (no gloves)
MR       .....                  (no boots)
Stlth    ..........             z - amulet "Gihe" {Gourm Int+4}
HPRegen  0.23/turn              (no ring)
MPRegen  0.13/turn              A - +4 ring of evasion

@: berserk cooldown
A: negative energy resistance 1, electricity resistance, unbreathing,
petrification resistance, rot immunity, AC +8
a: Berserk, Trog's Hand, Brothers in Arms, Renounce Religion


You were on level 1 of the Lair of Beasts.
You worshipped Trog.
Trog was extremely pleased with you.
You were very full.

You visited 4 branches of the dungeon, and saw 14 of its levels.

You collected 473 gold pieces.

Inventory:

Hand Weapons
 a - a +0 war axe (weapon)
Armour
 b - the +5 plate armour of Qubaot (worn) {rC+}
   (You found it on level 8 of the Dungeon)

   It protects you from cold.
 i - a +2 hat (worn)
 x - the +4 cloak of the Harvest (worn) {Str+2}
   (You found it on level 5 of the Dungeon)

   It affects your strength (+2).
Jewellery
 y - an uncursed amulet of rage
 z - the amulet "Gihe" (around neck) {Gourm Int+4}
   (You found it on level 6 of the Dungeon)

   [amulet of the gourmand]

   It allows you to eat raw meat even when not hungry.
   It affects your intelligence (+4).
 A - a +4 ring of evasion (right hand)
Wands
 l - a wand of flame (33)
 E - a wand of paralysis (19)
 F - a wand of polymorph (1)
Scrolls
 m - 4 scrolls of blinking
 o - 9 scrolls of teleportation
 u - 5 scrolls of remove curse
 B - a scroll of enchant armour
 C - 3 scrolls of magic mapping
Potions
 d - 3 potions of invisibility
 e - 2 potions of resistance {unknown}
 f - 3 potions of mutation
 g - 4 potions of haste
 n - 3 potions of berserk rage
 p - 3 potions of flight
 r - 4 potions of heal wounds
 s - 4 potions of curing
 t - a potion of cancellation
 w - a potion of agility {unknown}
 D - a potion of might {unknown}
 G - a potion of brilliance {unknown}
Comestibles
 c - 20 rations
 H - 2 chunks of flesh


   Skills:
 + Level 11.4 Fighting
 + Level 9.7 Axes
 + Level 11.2 Armour
 + Level 8.7 Dodging


You had 11 spell levels left.
You didn't know any spells.
Your spell library was empty.

Dungeon Overview and Level Annotations

Branches:
Dungeon (11/15)            Temple (1/1) D:6            Lair (1/6) D:10
    Orc (1/2) D:10

Altars:
Cheibriados
Elyvilon
Kikubaaqudgha
Makhleb
Nemelex Xobeh
Qazlal
Ru
Sif Muna
Trog
Vehumet
Wu Jian
Yredelemnul
Zin

Shops:
D:6 (

Annotations:
D:5 3 runed translucent doors, exclusion: statue, cacophonousHarmony's ghost, novice MfIE
D:11 Grum


Innate Abilities, Weirdness & Mutations

You are resistant to torment.
Your stone body is resilient. (AC +8)
You are immune to poison.
You resist negative energy. (rN+)
You are resistant to electric shocks. (rElec)
You can survive without breathing.
You are immune to petrification.
You are immune to rotting.


Message History

* * * LOW HITPOINT WARNING * * *
The spriggan rider barely misses you.
The spriggan rider hits you from afar with a +0 spear.
* * * LOW HITPOINT WARNING * * *
The spriggan rider hits you from afar with a +0 spear.
* * * LOW HITPOINT WARNING * * *
The porcupine misses you.
Your skin stops crawling.
You feel less resistant to hostile enchantments.
The porcupine completely misses you.
The spriggan rider hits you but does no damage.
The porcupine bites you.
* * * LOW HITPOINT WARNING * * *
The spriggan rider hits you but does no damage.
The spriggan rider hits you but does no damage.
The spriggan rider barely misses you. The porcupine barely misses you.
The spriggan rider hits you but does no damage.
The porcupine closely misses you.
The spriggan rider hits you from afar with a +0 spear!
You die...

#.....'....#.#.##..+...
#.#..#####.#...#...####
#.....# #####+#####
###.+#### *,,,* #.....##
*,*,* ##+.###.####
*##***,**
#..........###.####+.**
##.........+.#†.......,**
#P......i(@.†'†.......,,***
##........r###†.......,,*,,
#.........#*#........,,,,*
#..........##.......>,+,**
#.........###........,***
########+............,*
****,♣♣....%##♣.+#**
**,,,,,,.....♣**#.*
****,,,,,,,.....,,,,,**


You could see a spriggan rider and a porcupine.

Vanquished Creatures
  A fire dragon (D:11)
  Harold (D:8)
  A two-headed ogre (D:8)
  Erica (D:8)
  3 death yaks (D:10)
  Pikel (D:4)
  2 ugly things
  A gargoyle (D:10)
  3 trolls
  Grinder (D:4)
  3 fire bats (D:11)
  A human (D:10)
  14 yaks
  Menkaure (D:5)
  A steam dragon (D:8)
  A warg (D:10)
  A porcupine (Lair:1)
  Duvessa (D:5)
  3 orc warriors
  An ice beast (D:10)
  3 slaves (D:4)
  7 ogres
  A sky beast (D:8)
  A black bear (D:7)
  4 phantoms
  17 wolves
  9 centaurs
  2 crocodiles (Lair:1)
  2 big kobolds
  Blork the orc (D:5)
  12 bullfrogs
  A wyvern skeleton (D:10)
  Dowan (D:5)
  5 scorpions
  6 killer bees (D:10)
  A centaur zombie (D:7)
  8 crimson imps
  A bullfrog zombie (D:6)
  3 hounds
  5 jellies
  5 orc priests
  A bullfrog skeleton (D:4)
  Crazy Yiuf (D:4)
  A centaur skeleton (D:9)
  6 iguanas
  Terence (D:3)
  5 orc wizards
  7 worker ants
  A killer bee zombie (D:4)
  A hound zombie (D:5)
  A worker ant zombie (D:7)
  Robin (D:3)
  14 adders
  4 gnolls (D:3)
  3 shadow imps
  3 oozes
  An adder zombie (D:5)
  An adder skeleton (D:4)
  5 worms
  A dart slug (D:3)
  5 leopard geckos
  45 orcs
  A giant cockroach (D:3)
  14 goblins
  10 hobgoblins
  13 jackals
  5 quokkas
  A ball python (D:2)
  7 bats
  2 frilled lizards
  17 kobolds
  A quokka zombie (D:6)
  6 rats
322 creatures vanquished.

Vanquished Creatures (others)
  An unseen horror (D:11)
  A hound (D:4)
  A fungus (D:5)
3 creatures vanquished.

Grand Total: 325 creatures vanquished

Notes
Turn   | Place    | Note
-------+----------+-------------------------------------------
     0 | D:1      | Fang the Gargoyle Berserker began the quest for the Orb.
     0 | D:1      | Reached XP level 1. HP: 14/14 MP: 1/1
   205 | D:1      | Reached XP level 2. HP: 11/19 MP: 2/2
   871 | D:2      | Reached XP level 3. HP: 16/23 MP: 3/3
   900 | D:2      | Reached ** piety under Trog
  1002 | D:2      | Found a stormy altar of Qazlal.
  1192 | D:2      | Reached XP level 4. HP: 19/29 MP: 4/4
  1884 | D:3      | Noticed Robin
  1900 | D:3      | Killed Robin
  2021 | D:3      | HP: 2/43 [adder (2)]
  2024 | D:3      | Reached XP level 5. HP: 2/33 MP: 5/5
  2240 | D:3      | Noticed Terence
  2252 | D:3      | Killed Terence
  2428 | D:3      | Reached *** piety under Trog
  2483 | D:3      | Reached XP level 6. HP: 27/39 MP: 6/6
  2937 | D:4      | Reached skill level 5 in Fighting
  2937 | D:4      | Reached XP level 7. HP: 39/44 MP: 7/7
  3135 | D:4      | Found a sparkling altar of Nemelex Xobeh.
  3216 | D:4      | Found a sacrificial altar of Ru.
  3222 | D:4      | Noticed Pikel
  3240 | D:4      | Killed Pikel
  3240 | D:4      | Reached skill level 5 in Armour
  3240 | D:4      | Reached XP level 8. HP: 43/51 MP: 8/8
  3312 | D:4      | Reached skill level 5 in Axes
  3522 | D:4      | Noticed Grinder
  3535 | D:4      | Paralysed by Grinder for 2 turns
  3553 | D:4      | Killed Grinder
  3561 | D:4      | Reached **** piety under Trog
  3906 | D:4      | Found a runed translucent door.
  3907 | D:4      | Noticed Crazy Yiuf
  4096 | D:4      | Killed Crazy Yiuf
  4139 | D:5      | Entered Level 5 of the Dungeon
  4145 | D:5      | Noticed Blork the orc
  4197 | D:5      | Got a faintly humming cloak
  4226 | D:5      | Identified the +4 cloak of the Harvest {Str+2} (You found
                  | it on level 5 of the Dungeon)
  4282 | D:5      | Found a radiant altar of Vehumet.
  4326 | D:5      | Reached XP level 9. HP: 33/57 MP: 9/9
  4362 | D:5      | Found a transporter.
  4368 | D:5      | Found a transporter.
  4368 | D:5      | Found an ancient bone altar of Kikubaaqudgha.
  4527 | D:5      | Noticed Menkaure
  4535 | D:5      | Found a basalt altar of Yredelemnul.
  4584 | D:5      | Reached skill level 5 in Dodging
  4586 | D:5      | Killed Menkaure
  4707 | D:5      | Killed Blork the orc
  4771 | D:5      | Noticed Dowan
  4774 | D:5      | Noticed Duvessa
  4792 | D:5      | Killed Duvessa
  4857 | D:5      | Killed Dowan
  5045 | D:5      | Found a runed translucent gate.
  5045 | D:5      | Found a runed translucent gate.
  5045 | D:5      | Found a runed translucent gate.
  5047 | D:5      | Noticed cacophonousHarmony's ghost (novice MfIE)
  5172 | D:6      | Found a staircase to the Ecumenical Temple.
  5189 | Temple   | Entered the Ecumenical Temple
  5364 | D:6      | Found an ornate altar of the Wu Jian Council.
  5382 | D:6      | Found Teyps's Weapon Emporium.
  5694 | D:6      | Got a shimmering copper amulet
  5879 | D:7      | Found a stormy altar of Qazlal.
  5912 | D:7      | Reached ***** piety under Trog
  6076 | D:7      | Reached XP level 10. HP: 39/64 MP: 10/10
  6573 | D:7      | Found a snail-covered altar of Cheibriados.
  6582 | D:7      | Found a glowing silver altar of Zin.
  6834 | D:8      | Noticed Erica
  6849 | D:8      | Noticed a two-headed ogre
  6866 | D:8      | Killed a two-headed ogre
  6880 | D:8      | Killed Erica
  6880 | D:8      | Received a gift from Trog
  6886 | D:8      | Found a white marble altar of Elyvilon.
  7120 | D:8      | Noticed Harold
  7138 | D:8      | Killed Harold
  7149 | D:8      | Got a transparent plate armour
  7160 | D:8      | Identified the +5 plate armour of Qubaot {rC+} (You found
                  | it on level 8 of the Dungeon)
  7195 | D:8      | Identified the amulet "Gihe" {Gourm Int+4} (You found it on
                  | level 6 of the Dungeon)
  7457 | D:9      | Found a burning altar of Makhleb.
  7457 | D:9      | Found a shimmering blue altar of Sif Muna.
  7462 | D:9      | Found a faded altar of an unknown god.
  7464 | D:9      | Found a faded altar of an unknown god.
  7475 | D:9      | Reached XP level 11. HP: 62/71 MP: 11/11
  7811 | D:9      | Found a bloodstained altar of Trog.
  7860 | D:10     | Entered Level 10 of the Dungeon
  7984 | D:10     | Found a staircase to the Orcish Mines.
  7996 | D:10     | Reached skill level 10 in Fighting
  8617 | D:10     | Noticed a death yak
  8617 | D:10     | Noticed a death yak
  8620 | D:10     | Noticed a death yak
  8626 | D:10     | Reached skill level 10 in Armour
  8632 | D:10     | Killed a death yak
  8635 | D:10     | Killed a death yak
  8640 | D:10     | Killed a death yak
  8694 | D:10     | Found a staircase to the Lair.
  9138 | Lair:1   | Entered Level 1 of the Lair of Beasts
  9160 | Orc:1    | Entered Level 1 of the Orcish Mines
  9203 | D:11     | Noticed a purple ugly thing
  9213 | D:11     | Killed an unseen horror
  9214 | D:11     | Noticed Grum
  9217 | D:11     | Killed a purple ugly thing
  9217 | D:11     | Reached XP level 12. HP: 79/79 MP: 12/12
  9218 | D:11     | Noticed a fire dragon
  9239 | D:11     | Killed a fire dragon
  9441 | Lair:1   | Noticed a spriggan rider
  9521 | Lair:1   | Slain by a spriggan rider

Levels and vault maps discovered:
D:1:      ncdulo_lavacross, layout_loops_ring
D:2:      layout_loops_corners, lemuel_doored_altar, minmay_misc_feat_rugged,
          minmay_circle_x
D:3:      layout_basic, first_ration, uniq_robin, uniq_terence
D:4:      layout_basic, kennysheep_mini_moat, nicolae_overflow_hidden_temple,
          minmay_misc_feat_four_crosses, minmay_fractal_squares_gapless_5,
          uniq_pikel, uniq_crazy_yiuf_cottage, uniq_grinder
D:5:      layout_cave_pools, gammafunk_temple_of_torment, vehumet_statue,
          gammafunk_ghost_nasty_kobolds, solitary_fountain, uniq_blork_the_orc,
          uniq_duvessa
D:6:      layout_basic, lemuel_round_altar, minmay_temple_entry_large_hall,
          serial_shops, shop
D:7:      layout_basic, minitemple, basic_altar
D:8:      layout_basic, elyvilon_altar_5, uniq_harold, uniq_erica
D:9:      layout_cave_pools, chequers_temple_overflow_minitemple,
          minmay_microvault
D:10:     layout_basic, dpeg_lair_monsters, erik_orc_4
D:11:     minmay_firetagon, layout_irregular_city, grunt_ogre_cave,
          minmay_radiant, uniq_erolcha, uniq_nergalle, uniq_grum
Temple:   grunt_temple_mini_profane
Lair:1:   layout_roguey, nicolae_lair_grove_arrangements,
          grunt_forest_large_clearings, serial_bayou_shore_b, uniq_fannar
Orc:1:    layout_caves

Skill      XL: |  1  2  3  4  5  6  7  8  9 10 11 12 |
---------------+-------------------------------------+-----
Axes           | 3 4 5 6 8 9 |  9.7
Dodging        | 2 3 4 5 7 8 |  8.7
Armour         | 3 4 5 6 7 9 10 11 | 11.2
Fighting       | 4 5 7 8 9 10 11 | 11.4

Action                   |  1- 3 |  4- 6 |  7- 9 | 10-12 || total
-------------------------+-------+-------+-------+-------++-------
Melee: Hand axe          |    95 |   212 |   378 |       ||   685
       War axe           |       |       |   129 |   475 ||   604
Invok: Berserk           |       |     4 |     8 |     8 ||    20
       Trog's Hand       |       |     1 |     1 |     6 ||     8
  Use: Scroll            |       |       |       |    15 ||    15
  Eat: Chunk             |     1 |     9 |    19 |    36 ||    65
Armor: Animal skin       |    32 |    32 |       |       ||    64
       Chain mail        |       |    96 |   340 |    88 ||   524
       Plate armour      |       |       |       |   444 ||   444
       Skin              |       |       |       |    40 ||    40
Dodge: Dodged            |    68 |   172 |   318 |   640 ||  1198
